 Dungeon Crawl Stone Soup version 0.26-a0-34-g9e0bf03 (webtiles) character file.

Game seed: 13457969885073267262, levelgen mode: deterministic

2686 thirtiethelement the Destroyer (level 9, -12/65 (66) HPs)
             Began as a Gnoll Conjurer on May 29, 2020.
             Was an Initiate of Vehumet.
             Mangled by an ogre
             ... wielding a +0 giant spiked club
              (24 damage)
             ... on level 7 of the Dungeon.
             The game lasted 00:14:50 (5762 turns).

thirtiethelement the Destroyer (Gnoll Conjurer)     Turns: 5762, Time: 00:14:51

HP:   -12/65 (66)   AC: 13    Str: 11    XL:     9   Next: 64%
MP:   23/28         EV: 12    Int: 20    God:    Vehumet [......]
Gold: 270           SH:  0    Dex: 16    Spells: 18/21 levels left

rFire    x . .     SeeInvis +   u - +1 flail (venom)
rCold    + . .     Gourm    .   (no shield)
rNeg     . . .     Faith    .   t - +1 scale mail {MR+}
rPois    .         Spirit   .   B - +0 helmet {SInv}
rElec    .         Reflect  .   b - +0 cloak
rCorr    .         Harm     .   (no gloves)
MR       +....                  g - +2 pair of boots
Stlth    ++........             (no amulet)
HPRegen  0.00/turn              n - ring of magical power
MPRegen  0.21/turn              q - ring of ice

@: lethally poisoned (-12 -> -17), non-regenerating, diseased
A: distributed training, fangs 1, strong nose
a: Renounce Religion


You were on level 7 of the Dungeon.
You worshipped Vehumet.
Vehumet was noncommittal.
You were full.

You visited 2 branches of the dungeon, and saw 8 of its levels.

You collected 270 gold pieces.

Inventory:

Hand Weapons
 u - a +1 flail of venom (weapon)
 y - the +4 war axe "Mibezen" {vorpal, rElec Int+2, unknown}
   (You found it on level 6 of the Dungeon)

   It inflicts extra damage upon your enemies.
   It affects your intelligence (+2).
   It insulates you from electricity.
Missiles
 l - 7 boomerangs (quivered)
Armour
 a - a +1 robe
 b - a +0 cloak (worn)
 g - a +2 pair of boots (worn)
 t - a +1 scale mail of magic resistance (worn)
 B - a +0 helmet of see invisible (worn)
Jewellery
 n - a ring of magical power (left hand)
 q - a ring of ice (right hand)
Wands
 p - a wand of disintegration (28)
 s - a wand of paralysis (14)
 w - a wand of polymorph (10)
Scrolls
 j - 3 scrolls of teleportation
 r - 2 scrolls of remove curse
 z - a scroll of amnesia
 C - a scroll of fear
Potions
 d - 2 potions of resistance {unknown}
 e - 3 potions of berserk rage {unknown}
 f - a potion of lignification {unknown}
 h - a potion of invisibility {unknown}
 i - 2 potions of curing {unknown}
 k - 3 potions of stabbing {unknown}
 m - a potion of brilliance {unknown}
 o - a potion of might {unknown}
 v - 2 potions of haste {unknown}
 x - a potion of flight {unknown}
 A - 2 potions of heal wounds {unknown}
Comestibles
 c - 17 rations


   Skills:
 + Level 4.3 Fighting
 + Level 4.3 Short Blades
 + Level 4.3 Long Blades
 + Level 4.3 Axes
 + Level 4.3 Maces & Flails
 + Level 4.3 Polearms
 + Level 4.3 Staves
 + Level 4.3 Slings
 + Level 4.3 Bows
 + Level 4.3 Crossbows
 + Level 4.3 Throwing
 + Level 4.3 Armour
 + Level 6.4 Dodging
 + Level 6.1 Stealth
 + Level 4.3 Shields
 + Level 4.3 Unarmed Combat
 + Level 6.7 Spellcasting
 + Level 8.0 Conjurations
 + Level 3.6 Hexes
 + Level 3.6 Charms
 + Level 3.6 Summonings
 + Level 3.6 Necromancy
 + Level 3.6 Translocations
 + Level 3.6 Transmutations
 + Level 3.6 Fire Magic
 + Level 3.6 Ice Magic
 + Level 3.6 Air Magic
 + Level 3.6 Earth Magic
 + Level 3.6 Poison Magic
 + Level 4.8 Invocations
 + Level 4.3 Evocations


You had 18 spell levels left.
You knew the following spells:

 Your Spells              Type           Power        Failure   Level  Hunger
a - Magic Dart            Conj           ####         1%          1    None
b - Searing Ray           Conj           #####.       2%          2    None

Your spell library contained the following spells:

 Spells                   Type           Power        Failure   Level  Hunger
 Dazzling Flash           Conj/Hex       ####..       14%         3    #......
 Fulminant Prism          Conj/Hex       ####......   43%         4    ###....
 Iskenderun's Mystic Bla  Conj/Tloc      ####....     43%         4    ###....


Dungeon Overview and Level Annotations

Branches:
Dungeon (7/15)             Temple (1/1) D:7

Altars:
Ashenzari
Cheibriados
Dithmenos
Elyvilon
Fedhas
Gozag
Hepliaklqana
Kikubaaqudgha
Makhleb
Nemelex Xobeh
Okawaru
Qazlal
Ru
Sif Muna
Trog
Uskayaw
Vehumet
Wu Jian
Xom
Yredelemnul
Zin
The Shining One


Innate Abilities, Weirdness & Mutations

Your experience applies equally to all skills.
You have very sharp teeth.
Your uncanny sense of smell can sniff out nearby items.


Message History

The searing ray misses the worker ant. (Press . to maintain the ray.)
The ogre hits you with a +0 giant spiked club!!
* * * LOW HITPOINT WARNING * * *
The searing ray hits the ogre!
The ogre is severely wounded.
The searing ray misses the worker ant.
The searing ray hits the worker ant!
The worker ant is heavily wounded.
The worker ant closely misses you. The ogre barely misses you.
The worker ant bites you.
* * * LOW HITPOINT WARNING * * *
You are poisoned.
The worker ant poisons you!
The searing ray hits the worker ant.
The worker ant is almost dead.
You finish channeling your searing ray.
You feel sick.
The worker ant bites you but does no damage.
The ogre hits you with a +0 giant spiked club!!
You die...

### ..## ##.# #.# #####
##.# ...######## ..## #
#..a...... †##########.
#.@O......
.#.......##.###.#####..#
.#.#####.##.....####
...(...#.####......# ##
##.###.#.# ##.###.# ..
#.###.#.# #.###.##.#
#.......# #........#
#####.### #####.#### ##
#.# ##.#.#


You could see an ogre and a worker ant.

Vanquished Creatures
  Pikel (D:6)
  Sigmund (D:3)
  A human (D:7)
  4 hogs (D:7)
  Edmund (D:6)
  An ice beast (D:5)
  A sky beast (D:5)
  2 black bears
  A necrophage (D:7)
  An ogre (D:5)
  A crimson imp (D:7)
  2 hounds
  A bullfrog zombie (D:6)
  An orc priest (D:7)
  3 orc wizards
  7 worker ants
  2 killer bee zombies
  A hound skeleton (D:4)
  A howler monkey skeleton (D:6)
  10 adders
  3 gnolls (D:5)
  2 oozes
  An adder skeleton (D:4)
  2 worms
  5 dart slugs
  19 orcs
  2 ball pythons
  3 giant cockroaches
  11 goblins
  9 hobgoblins
  6 jackals
  3 quokkas
  5 bats
  7 frilled lizards
  8 kobolds
  10 rats
139 creatures vanquished.

Vanquished Creatures (others)
  2 slaves (D:6)
  A bullfrog (D:6)
3 creatures vanquished.

Grand Total: 142 creatures vanquished

Notes
Turn   | Place    | Note
-------+----------+-------------------------------------------
     0 | D:1      | thirtiethelement the Gnoll Conjurer began the quest for the
                  | Orb.
     0 | D:1      | Reached XP level 1. HP: 13/13 MP: 6/6
    82 | D:1      | Reached XP level 2. HP: 12/19 MP: 1/7
   292 | D:1      | You fall into a shaft and drop 1 floor!
   349 | D:2      | Reached skill level 5 in Spellcasting
   349 | D:2      | Reached XP level 3. HP: 17/25 MP: 1/9
   623 | D:1      | Reached skill level 1 in Invocations
  1029 | D:2      | Learned a level 2 spell: Searing Ray
  1354 | D:2      | Reached skill level 1 in Fighting
  1354 | D:2      | Reached skill level 1 in Short Blades
  1354 | D:2      | Reached skill level 1 in Long Blades
  1354 | D:2      | Reached skill level 1 in Axes
  1354 | D:2      | Reached skill level 1 in Maces & Flails
  1354 | D:2      | Reached skill level 1 in Polearms
  1354 | D:2      | Reached skill level 1 in Staves
  1354 | D:2      | Reached skill level 1 in Slings
  1354 | D:2      | Reached skill level 1 in Bows
  1354 | D:2      | Reached skill level 1 in Crossbows
  1354 | D:2      | Reached skill level 1 in Throwing
  1354 | D:2      | Reached skill level 1 in Armour
  1354 | D:2      | Reached skill level 1 in Shields
  1354 | D:2      | Reached skill level 1 in Unarmed Combat
  1354 | D:2      | Reached skill level 1 in Evocations
  1435 | D:2      | Reached XP level 4. HP: 32/32 MP: 11/11
  1568 | D:2      | Found a glowing silver altar of Zin.
  2126 | D:3      | Reached skill level 1 in Hexes
  2126 | D:3      | Reached skill level 1 in Charms
  2126 | D:3      | Reached skill level 1 in Summonings
  2126 | D:3      | Reached skill level 1 in Necromancy
  2126 | D:3      | Reached skill level 1 in Translocations
  2126 | D:3      | Reached skill level 1 in Transmutations
  2126 | D:3      | Reached skill level 1 in Fire Magic
  2126 | D:3      | Reached skill level 1 in Ice Magic
  2126 | D:3      | Reached skill level 1 in Air Magic
  2126 | D:3      | Reached skill level 1 in Earth Magic
  2126 | D:3      | Reached skill level 1 in Poison Magic
  2217 | D:3      | Noticed Sigmund
  2220 | D:3      | Killed Sigmund
  2220 | D:3      | Reached XP level 5. HP: 38/38 MP: 12/12
  2220 | D:3      | Reached XP level 6. HP: 44/44 MP: 13/13
  2418 | D:3      | Found a snail-covered altar of Cheibriados.
  3061 | D:4      | Reached skill level 5 in Dodging
  3217 | D:4      | You fall into a shaft and drop 1 floor!
  3217 | D:5      | Entered Level 5 of the Dungeon
  3218 | D:5      | Noticed a sky beast
  3625 | D:5      | Reached XP level 7. HP: 19/50 MP: 15/15
  3673 | D:5      | Reached skill level 5 in Stealth
  3939 | D:5      | Reached XP level 8. HP: 57/57 MP: 16/16
  4403 | D:6      | Noticed Pikel
  4417 | D:6      | Killed Pikel
  4529 | D:6      | Noticed Edmund
  4541 | D:6      | Killed Edmund
  4923 | D:6      | Got a dazzling war axe
  5083 | D:6      | Reached XP level 9. HP: 65/65 MP: 18/18
  5256 | D:7      | Found a staircase to the Ecumenical Temple.
  5261 | Temple   | Entered the Ecumenical Temple
  5385 | Temple   | Became a worshipper of Vehumet
  5572 | D:7      | Reached skill level 8 in Conjurations
  5762 | D:7      | Mangled by an ogre

Illustrated notes

Levels and vault maps discovered:
D:1:      tarquinn_simple_flora_water_a, layout_basic, serial_bayou_lagoon_a,
          dk_noncrumbling_3
D:2:      layout_basic, lemuel_altar_in_water2
D:3:      layout_loops_ring, cheibriados_altar_1, kennysheep_generic_room_4,
          uniq_sigmund
D:4:      layout_rooms
D:5:      layout_cave_pools, serial_park, serial_park_gazebo
          [serial_park_minivault_5x5_8], serial_park_square1
          [serial_park_minivault_5x5_1], first_ration
D:6:      black_bear_nest_2, layout_rooms, uniq_edmund, uniq_pikel
D:7:      layout_loops_corners, temple_statues, enter_bailey_3, grunt_livestock
Temple:   kilobyte_greek_temple

Skill      XL: |  1  2  3  4  5  6  7  8  9 |
---------------+----------------------------+-----
Spellcasting   | 5 6 |  6.7
Invocations    | 1 2 3 4 |  4.8
Fighting       | 1 2 3 4 |  4.3
Short Blades   | 1 2 3 4 |  4.3
Long Blades    | 1 2 3 4 |  4.3
Axes           | 1 2 3 4 |  4.3
Maces & Flails | 1 2 3 4 |  4.3
Polearms       | 1 2 3 4 |  4.3
Staves         | 1 2 3 4 |  4.3
Slings         | 1 2 3 4 |  4.3
Bows           | 1 2 3 4 |  4.3
Crossbows      | 1 2 3 4 |  4.3
Throwing       | 1 2 3 4 |  4.3
Armour         | 1 2 3 4 |  4.3
Shields        | 1 2 3 4 |  4.3
Unarmed Combat | 1 2 3 4 |  4.3
Evocations     | 1 2 3 4 |  4.3
Hexes          | 1 2 3 |  3.6
Charms         | 1 2 3 |  3.6
Summonings     | 1 2 3 |  3.6
Necromancy     | 1 2 3 |  3.6
Translocations | 1 2 3 |  3.6
Transmutations | 1 2 3 |  3.6
Fire Magic     | 1 2 3 |  3.6
Ice Magic      | 1 2 3 |  3.6
Air Magic      | 1 2 3 |  3.6
Earth Magic    | 1 2 3 |  3.6
Poison Magic   | 1 2 3 |  3.6
Dodging        | 5 6 |  6.4
Stealth        | 5 6 |  6.1
Conjurations   | 8 |  8.0

Action                   |  1- 3 |  4- 6 |  7- 9 || total
-------------------------+-------+-------+-------++-------
Melee: Mace              |    23 |       |       ||    23
       Bite              |     4 |     1 |     6 ||    11
       Flail             |       |    15 |   101 ||   116
       Punch             |       |       |     1 ||     1
Throw: Boomerang         |       |       |     2 ||     2
 Cast: Magic Dart        |    55 |    98 |    39 ||   192
       Searing Ray       |       |    11 |    19 ||    30
  Use: Scroll            |     3 |     6 |     2 ||    11
  Eat: Chunk             |     2 |     6 |     5 ||    13
       Ration            |       |       |     2 ||     2
Armor: Robe              |     5 |       |       ||     5
       Scale mail        |       |    19 |    62 ||    81
Dodge: Dodged            |    24 |    41 |    72 ||   137

Table legend:
 A = Non-vault XP
 B = Vault XP
 C = Vault XP percentage of total XP
 D = Non-vault monster count
 E = Vault monster count
 F = Vault count percentage of total count
                 A         B        C        D         E       F
            +---------+---------+-------+---------+---------+-------
      Total |    1633 |    2205 |  57.5 |     128 |      11 |   7.9
            +---------+---------+-------+---------+---------+-------
        D:1 |      34 |       0 |   0.0 |      18 |       0 |   0.0
        D:2 |      87 |       0 |   0.0 |      27 |       0 |   0.0
        D:3 |      88 |     210 |  70.5 |      31 |       3 |   8.8
        D:4 |     187 |       0 |   0.0 |      13 |       0 |   0.0
        D:5 |     686 |       0 |   0.0 |      18 |       0 |   0.0
        D:6 |     211 |     984 |  82.3 |       8 |       3 |  27.3
        D:7 |     340 |    1011 |  74.8 |      13 |       5 |  27.8
            +---------+---------+-------+---------+---------+-------
